 Dungeon Crawl Stone Soup version 0.17.2 (webtiles) character file.

1386 Charly the Martial Artist (level 8, -6/39 HPs)
             Began as a Vine Stalker Transmuter on May 6, 2016.
             Mangled by a yak (14 damage)
             ... on level 10 of the Dungeon.
             The game lasted 00:27:19 (1394 turns).

Charly the Martial Artist (Vine Stalker Transmuter) Turns: 1394, Time: 00:27:19

Health: -6/39      AC:  3    Str: 13    XL:     8   Next: 67%
Magic:  0/15       EV: 12    Int: 15    God:
Gold:   163        SH:  0    Dex: 15    Spells: 3 memorised, 10 levels left

rFire  x . .     SeeInvis .       - Unarmed
rCold  + . .     Clarity  +     b - +0 robe
rNeg   . . .     SustAt   .     (no shield)
rPois  +         Gourm    .     (no helmet)
rElec  .         Spirit   +     w - +0 cloak
rCorr  .         Warding  .     (no gloves)
rMut   .         Stasis   .     (no boots)
MR     +....                    (no amulet)
Stlth  +.........               (no ring)
                                r - ring of ice

@: somewhat resistant to hostile enchantments, very unstealthy
A: fangs 3, clarity, poison resistance, regeneration 2, magic shield, antimagic
bite, no device heal 3, rot immunity, subdued magic 1
a: no special abilities


You were on level 10 of the Dungeon.
You were very full.

You visited 2 branches of the dungeon, and saw 11 of its levels.

You collected 163 gold pieces.

Inventory:

Missiles
 a - 74 arrows
Armour
 b - a +0 robe (worn)
 w - a +0 cloak (worn)
Jewellery
 r - a ring of ice (left hand)
Wands
 e - a wand of disintegration (12)
 p - a wand of frost (0)
 v - a wand of paralysis (17)
Scrolls
 i - a scroll of immolation
 l - a scroll of teleportation
 n - 2 scrolls of remove curse
Potions
 f - a potion of heal wounds
 g - a potion of curing {unknown}
 h - 3 potions of brilliance
 k - a potion of might
 o - a potion of ambrosia {unknown}
Books
 c - a book of Changes

   Spells                             Type                      Level
   a - Beastly Appendage              Transmutation                1
   b - Sticks to Snakes               Transmutation                2
   c - Spider Form                    Transmutation/Poison         3
   d - Ice Form                       Ice/Transmutation            4
   e - Blade Hands                    Transmutation                5
 s - a book of Annihilations

   Spells                             Type                      Level
   a - Poison Arrow                   Conjuration/Poison           6
   b - Chain Lightning                Conjuration/Air              8
   c - Lehudib's Crystal Spear        Conjuration/Earth            8
   d - Glaciate                       Conjuration/Ice              9
   e - Fire Storm                     Conjuration/Fire             9
 u - a book of Frost

   Spells                             Type                      Level
   a - Freeze                         Ice                          1
   b - Throw Frost                    Conjuration/Ice              2
   c - Ozocubu's Armour               Charms/Ice                   3
   d - Throw Icicle                   Conjuration/Ice              4
   e - Summon Ice Beast               Ice/Summoning                4
   f - Condensation Shield            Ice                          4
Comestibles
 d - 2 bread rations
 j - 17 fruits
 q - a meat ration


   Skills:
 + Level 2.5 Fighting
 - Level 1.5 Dodging
 + Level 8.0 Unarmed Combat
 - Level 4.5 Spellcasting
 + Level 5.6 Transmutations


You had 10 spell levels left.
You knew the following spells:

 Your Spells              Type           Power        Failure   Level  Hunger
a - Beastly Appendage     Trmt           ##....       1%          1    None
s - Sticks to Snakes      Trmt           ##........   1%          2    ##.....
S - Spider Form           Trmt/Pois      #.........   11%         3    ###....


Dungeon Overview and Level Annotations

Branches:
Dungeon (10/15)            Temple (1/1) D:6             Orc (0/4) D:9
   Lair: D:8-11

Altars:
Elyvilon
Gozag
Kikubaaqudgha
Makhleb
Nemelex Xobeh
Qazlal
Ru
Sif Muna
Trog
Vehumet
Xom
Yredelemnul

Annotations:
D:2 Ijyb


Innate Abilities, Weirdness & Mutations

You have razor-sharp teeth.
You heal very quickly.
When hurt, damage is shared between your health and your magic reserves.
Your bite disrupts and absorbs the magic of your enemies.
Potions and wands cannot restore your health.
You are immune to rotting.
You possess an exceptional clarity of mind.
Your system is resistant to poisons.
Your spells are a little easier to cast, but a little less powerful.


Message History

You hit the yak but do no damage.
The yak is poisoned.
The yak closely misses you.
You hit the yak.
The yak is lightly wounded.
The yak closely misses you.
You hit the yak.
The yak looks even sicker.
The yak is moderately wounded.
The yak gores you!!
* * * LOW HITPOINT WARNING * * *
You hit the yak.
The yak looks even sicker.
The yak is heavily wounded.
The yak completely misses you.
Your transformation has ended.
Your +0 cloak unmelds from your body.
Your +0 robe unmelds from your body.
The yak gores you!
* * * LOW HITPOINT WARNING * * *
The yak gores you.
* * * LOW HITPOINT WARNING * * *
The yak gores you!
You die...

#.....##### #.........#
#....Z###.# #.....# #.#
#...Y.###.# #..Y......#
#..Y<.##### ##YY....# ##########
#@.....#### #........#
#.........#
#.<......######.........########
#...............................
#####...................#######.
#...........#####...#
#...........# #...#
#...........# #...#
#...........# #...#


You could see 5 yaks and a giant frog zombie.

Vanquished Creatures
  A yak (D:10)
  3 ogres
  An orc warrior (D:9)
  2 ice beasts
  A centaur (D:9)
  A phantom (D:6)
  A giant frog (D:9)
  An orc priest (D:9)
  A jelly (D:6)
  An iguana (D:5)
  4 worker ants
  Natasha (D:3)
  3 orc wizards
  The ghost of Charly the Ruffian, a weakling VSTm (D:4)
  The ghost of Charly the Ruffian, a weakling VSTm (D:3)
  5 adders
  2 gnolls (D:2)
  An adder skeleton (D:4)
  2 worms
  2 giant geckos
  19 orcs
  A bat (D:3)
  4 hobgoblins
  13 jackals
  2 kobolds
  3 quokkas
  2 giant newts
  A goblin (D:3)
  A jackal skeleton (D:4)
  3 rats
84 creatures vanquished.

Vanquished Creatures (collateral kills)
  A gnoll (D:2)
  A jackal (D:6)
  A quokka (D:8)
3 creatures vanquished.

Grand Total: 87 creatures vanquished

Notes
Turn   | Place    | Note
--------------------------------------------------------------
     0 | D:1      | Charly the Vine Stalker Transmuter began the quest for the Orb.
     0 | D:1      | Reached XP level 1. HP: 9/9 MP: 4/4
   121 | D:2      | Reached XP level 2. HP: 9/14 MP: 4/6
   125 | D:2      | Learned a level 2 spell: Sticks to Snakes
   155 | D:2      | Reached XP level 3. HP: 17/17 MP: 2/7
   202 | D:2      | Learned a level 3 spell: Spider Form
   240 | D:3      | Noticed Natasha
   266 | D:3      | Killed Natasha
   266 | D:3      | Reached skill level 4 in Unarmed Combat
   266 | D:3      | Reached XP level 4. HP: 21/21 MP: 1/8
   314 | D:3      | Noticed Charly's ghost (weakling VSTm)
   329 | D:3      | Killed Charly's ghost
   329 | D:3      | Reached skill level 5 in Unarmed Combat
   329 | D:3      | Reached XP level 5. HP: 21/25 MP: 3/9
   332 | D:3      | Found a bloodstained altar of Trog.
   444 | D:2      | Noticed Ijyb
   482 | D:4      | Noticed an ogre
   492 | D:4      | Noticed Charly's ghost (weakling VSTm)
   499 | D:4      | Killed Charly's ghost
   548 | D:4      | Killed an ogre
   548 | D:4      | Reached skill level 6 in Unarmed Combat
   548 | D:4      | Gained mutation: You heal very quickly. [Vine Stalker growth]
   548 | D:4      | Reached XP level 6. HP: 29/29 MP: 6/10
   588 | D:5      | Entered Level 5 of the Dungeon
   703 | D:6      | Reached XP level 7. HP: 26/32 MP: 1/12
   796 | D:6      | Reached skill level 7 in Unarmed Combat
   885 | D:6      | Gained mutation: You have razor-sharp teeth. [Vine Stalker growth]
   885 | D:6      | Reached XP level 8. HP: 35/37 MP: 4/15
   888 | D:6      | Found a staircase to the Ecumenical Temple.
   897 | Temple   | Entered the Ecumenical Temple
  1154 | D:9      | Reached skill level 1 in Fighting
  1165 | D:9      | Reached skill level 5 in Transmutations
  1182 | D:9      | Found a staircase to the Orcish Mines.
  1209 | D:9      | Gained mutation: Your system is resistant to poisons. [potion of mutation]
  1209 | D:9      | Gained mutation: You possess an exceptional clarity of mind. [potion of mutation]
  1209 | D:9      | Gained mutation: Your spells are a little easier to cast, but a little less powerful. [potion of mutation]
  1233 | D:9      | Found a sacrificial altar of Ru.
  1279 | D:10     | Entered Level 10 of the Dungeon
  1376 | D:10     | Reached skill level 8 in Unarmed Combat
  1394 | D:10     | Mangled by a yak

Action                   |  1- 3 |  4- 6 |  7- 9 || total
-------------------------+-------+-------+-------++-------
Melee: Unarmed           |    51 |    93 |   127 ||   271
 Cast: Beastly Appendage |     1 |       |       ||     1
       Sticks to Snakes  |     5 |     4 |     3 ||    12
       Spider Form       |     2 |     9 |    12 ||    23
 Abil: End Transformatio |       |       |     1 ||     1
Evoke: Wand              |       |     3 |     7 ||    10
  Use: Scroll            |       |       |    11 ||    11
       Potion            |       |       |     1 ||     1
 Stab: Paralysed         |       |       |    14 ||    14
  Eat: Beef jerky        |     1 |       |       ||     1
       Chunk             |       |       |     2 ||     2
       Fruit             |       |       |    11 ||    11
